 Dungeon Crawl Stone Soup version 0.22-a0-542-gce4f928 (webtiles) character file.

665935 vishdafish the Warrior (level 27, -11/220 (221) HPs)
             Began as a Demonspawn Berserker on June 24, 2018.
             Was the Champion of Makhleb.
             Killed from afar by a hell hog (24 damage)
             ... with a fireball
             ... on level 4 of the Depths.
             The game lasted 03:14:53 (71379 turns).

vishdafish the Warrior (Demonspawn Berserker)      Turns: 71379, Time: 03:14:53

HP:   -11/220 (221) AC: 33    Str: 22    XL:     27
MP:   37/37         EV: 27    Int: 23    God:    Makhleb [******]
Gold: 5808          SH: 25    Dex: 23    Spells: 28/46 levels left

rFire    . . .     SeeInvis +   S - +18 lance "Wyrmbane" {slay drac, rPois rF+ rC+ AC+3}
rCold    + + +     Gourm    .   a - +1 shield {rC+}
rNeg     + + .     Faith    .   I - +4 ring mail of Vecsoas {rN+ MR+ Slay+3 SInv}
rPois    +         Spirit   .   (helmet unavailable)
rElec    .         Reflect  .   Q - +3 cloak of the Fifty Realms {rF- Regen+ Dex+5}
rCorr    .         Harm     .   T - +4 pair of gloves "Gilog" {MR+ Str-4 Slay+2}
MR       ++++.                  U - +0 pair of boots of Gakk {Str+2 Int+4 SInv}
Stlth    ++++......             j - amulet "Onka Ecwewk" {Acrobat Str+7}
HPRegen  0.86/turn              x - +5 ring of protection
MPRegen  0.25/turn              l - ring of positive energy

@: very slightly contaminated
A: horns 3, large bone plates 3, see invisible, agile 1, cold resistance 1,
icemail, nightstalker 3, augmentation 3, freezing cloud immunity
}: 5/15 runes: decaying, serpentine, slimy, silver, abyssal
a: Minor Destruction, Lesser Servant of Makhleb, Major Destruction, Greater
Servant of Makhleb, Renounce Religion


You were on level 4 of the Depths.
You worshipped Makhleb.
Makhleb was exalted by your worship.
You were hungry.

You visited 12 branches of the dungeon, and saw 53 of its levels.
You visited the Abyss 1 time.
You also visited: Trove and Sewer.

You collected 8431 gold pieces.
You spent 2623 gold pieces at shops.

Inventory:

Hand Weapons
 S - the +18 lance "Wyrmbane" (weapon) {slay drac, rPois rF+ rC+ AC+3}
   (Trog gifted it to you on level 3 of the Snake Pit)

   It affects your AC (+3).
   It protects you from fire.
   It protects you from cold.
   It protects you from poison.
Missiles
 v - a throwing net (quivered)
Armour
 a - a +1 shield of cold resistance (worn)
 b - the +10 plate armour of Baldness {*Contam Int+3 Dex+6}
   (You found it on level 5 of the Pits of Slime)

   It affects your intelligence (+3).
   It affects your dexterity (+6).
   It causes magical contamination when unequipped.
 I - the +4 ring mail of Vecsoas (worn) {rN+ MR+ Slay+3 SInv}
   (You found it on level 8 of the Dungeon)

   It affects your accuracy and damage with ranged weapons and melee attacks
   (+3).
   It protects you from negative energy.
   It affects your resistance to hostile enchantments.
   It lets you see invisible.
 Q - the +3 cloak of the Fifty Realms (worn) {rF- Regen+ Dex+5}
   (You bought it in a shop on level 1 of the Depths)

   It affects your dexterity (+5).
   It makes you vulnerable to fire.
   It increases your rate of regeneration.
 T - the +4 pair of gloves "Gilog" (worn) {MR+ Str-4 Slay+2}
   (You acquired it on level 3 of the Vaults)

   It affects your strength (-4).
   It affects your accuracy and damage with ranged weapons and melee attacks
   (+2).
   It affects your resistance to hostile enchantments.
 U - the +0 pair of boots of Gakk (worn) {Str+2 Int+4 SInv}
   (You acquired it on level 4 of the Vaults)

   It affects your strength (+2).
   It affects your intelligence (+4).
   It lets you see invisible.
Magical Staves
 X - an uncursed staff of wizardry
Jewellery
 j - the amulet "Onka Ecwewk" (around neck) {Acrobat Str+7}
   (You found it in a treasure trove)

   [amulet of the acrobat]

   It helps you evade while moving and waiting.
   It affects your strength (+7).
 l - a ring of positive energy (right hand)
 t - an uncursed amulet of regeneration
 x - a +5 ring of protection (left hand)
 D - an uncursed ring of wizardry
 M - an uncursed ring of protection from fire
 O - the ring "Rankitoh" {rCorr rC- MR+ Dex+6}
   (You took it off a vampire knight on level 3 of the Depths)

   [ring of resist corrosion]

   It affects your dexterity (+6).
   It makes you vulnerable to cold.
   It affects your resistance to hostile enchantments.
 P - an uncursed ring of wizardry
Wands
 h - a wand of digging (45)
 z - a wand of iceblast (56)
 E - a wand of clouds (9)
 F - a wand of paralysis (41)
Scrolls
 d - 4 scrolls of blinking
 g - 5 scrolls of vulnerability
 o - 4 scrolls of silence
 p - 9 scrolls of fog
 u - 25 scrolls of teleportation
 y - 9 scrolls of enchant armour
 C - 3 scrolls of torment
 G - 6 scrolls of immolation
 H - 20 scrolls of remove curse
 J - 8 scrolls of identify
 K - 12 scrolls of magic mapping
 N - 6 scrolls of summoning
 W - 4 scrolls of fear
 Y - a scroll of amnesia
Potions
 e - 9 potions of flight
 f - 6 potions of lignification
 i - 7 potions of brilliance
 k - 7 potions of magic
 m - 3 potions of haste
 n - 25 potions of curing
 q - 3 potions of invisibility
 r - 4 potions of might
 s - 5 potions of resistance
 w - 6 potions of agility
 A - 8 potions of cancellation
 B - 5 potions of berserk rage
 R - 7 potions of heal wounds
 V - 6 potions of ambrosia
Miscellaneous
 L - 2 boxes of beasts
Comestibles
 c - 32 rations


   Skills:
 - Level 19.0 Fighting
 - Level 17.7 Polearms
 - Level 17.6 Armour
 - Level 17.6 Dodging
 - Level 18.4 Shields
 - Level 10.3 Spellcasting
 - Level 6.0 Hexes
 - Level 4.2 Charms
 + Level 15.9 Necromancy
 + Level 13.7 Transmutations
 - Level 5.4 Earth Magic
 - Level 9.0 Invocations


You had 28 spell levels left.
You knew the following spells:

 Your Spells              Type           Power        Failure   Level  Hunger
a - Song of Slaying       Chrm           ####....     1%          2    None
b - Regeneration          Chrm/Necr      ######....   1%          3    None
c - Passwall              Tmut/Erth      ######..     1%          2    None
d - Spectral Weapon       Hex/Chrm       #####...     2%          3    None
e - Necromutation         Tmut/Necr      ######....   73%         8    #######

Your spell library contained the following spells:

 Spells                   Type           Power        Failure   Level  Hunger
 Cause Fear               Hex            #####.....   6%          4    #......
 Magic Dart               Conj           ##..         8%          1    None
 Fireball                 Conj/Fire      ##........   90%         5    ####...
 Conjure Flame            Conj/Fire      ##......     22%         3    None
 Bolt of Fire             Conj/Fire      ##........   100%        6    ######.
 Bolt of Cold             Conj/Ice       ##........   100%        6    ######.
 Bolt of Magma            Conj/Fire/Erth ###.......   67%         5    ####...
 Confuse                  Hex            #####...     1%          3    None
 Invisibility             Hex            #####...     67%         6    ######.
 Throw Flame              Conj/Fire      ##....       11%         2    None
 Throw Frost              Conj/Ice       ##....       11%         2    None
 Freezing Cloud           Conj/Ice/Air   ##........   100%        6    ######.
 Mephitic Cloud           Conj/Pois/Air  ##......     22%         3    None
 Ring of Flames           Chrm/Fire      ###.......   100%        7    #######
 Venom Bolt               Conj/Pois      ##........   90%         5    ####...
 Olgreb's Toxic Radiance  Pois           ##......     58%         4    #......
 Death's Door             Chrm/Necr      ######....   100%        8    #######
 Summon Small Mammal      Summ           ##..         8%          1    None
 Blink                    Tloc           N/A          11%         2    None
 Iskenderun's Mystic Bla  Conj           ##......     58%         4    #......
 Haunt                    Necr/Summ      #####.....   93%         7    #######
 Borgnjor's Revivificati  Necr           ######....   56%         8    #######
 Freeze                   Ice            ##..         8%          1    None
 Ozocubu's Refrigeration  Ice            ##........   100%        6    ######.
 Sticky Flame             Conj/Fire      ##......     58%         4    #......
 Summon Ice Beast         Ice/Summ       ##......     58%         4    #......
 Ozocubu's Armour         Chrm/Ice       ###.....     9%          3    None
 Call Imp                 Summ           ##......     11%         2    None
 Sting                    Conj/Pois      ##..         8%          1    None
 Tukima's Dance           Hex            #####...     1%          3    None
 Iron Shot                Conj/Erth      ###.......   98%         6    ######.
 Stone Arrow              Conj/Erth      ###...       7%          3    None
 Swiftness                Chrm/Air       ###.....     4%          2    None
 Statue Form              Tmut/Erth      ######...    22%         6    ######.
 Ice Form                 Ice/Tmut       #####...     4%          4    #......
 Dragon Form              Tmut           ######....   22%         7    #######
 Throw Icicle             Conj/Ice       ##......     58%         4    #......
 Flame Tongue             Conj/Fire      ##...        8%          1    None
 Ignite Poison            Fire/Tmut/Pois ####....     3%          3    None
 Call Canine Familiar     Summ           ##......     22%         3    None
 Ensorcelled Hibernation  Hex/Ice        ####..       3%          2    None
 Metabolic Englaciation   Hex/Ice        ####......   52%         5    ####...
 Summon Butterflies       Summ           ##......     8%          1    None
 Shatter                  Erth           #####.....   100%        9    #######
 Corona                   Hex            #####..      1%          1    None
 Lee's Rapid Deconstruct  Erth           #####.....   22%         5    ####...
 Sandblast                Erth           #####.       1%          1    None
 Simulacrum               Ice/Necr       #####.....   38%         6    ######.
 Portal Projectile        Hex/Tloc       ####..       6%          3    None
 Petrify                  Tmut/Erth      ######..     1%          4    #......
 Passage of Golubria      Tloc           N/A          58%         4    #......
 Orb of Destruction       Conj           ##........   100%        7    #######
 Leda's Liquefaction      Hex/Erth       #####.....   7%          4    #......
 Summon Hydra             Summ           ##........   100%        7    #######
 Darkness                 Hex            #####.....   67%         6    ######.
 Shroud of Golubria       Chrm/Tloc      ###.......   4%          2    None
 Inner Flame              Hex/Fire       ####....     6%          3    None
 Disjunction              Tloc           ##........   100%        8    #######
 Iskenderun's Battlesphe  Conj/Chrm      ###.....     63%         5    ####...
 Fulminant Prism          Conj/Hex       ####......   22%         4    #......
 Dazzling Spray           Conj/Hex       ####..       6%          3    None
 Force Lance              Conj/Tloc      ##......     58%         4    #......
 Infusion                 Chrm           ####         1%          1    None
 Searing Ray              Conj           ##....       11%         2    None
 Summon Forest            Summ/Tloc      ##........   90%         5    ####...
 Summon Lightning Spire   Summ/Air       ##......     58%         4    #......
 Summon Guardian Golem    Hex/Summ       ####....     6%          3    None
 Dragon's Call            Summ           ##........   100%        9    #######
 Spellforged Servitor     Conj/Summ      ##........   100%        7    #######
 Summon Mana Viper        Hex/Summ       ####....     52%         5    ####...
 Irradiate                Conj/Tmut      #####.....   12%         5    ####...
 Yara's Violent Unravell  Hex/Tmut       ######....   3%          5    ####...
 Infestation              Necr           ######....   56%         8    #######
 Poisonous Vapours        Pois/Air       ##....       11%         2    None
 Ignition                 Fire           ##........   100%        8    #######


Dungeon Overview and Level Annotations

Branches:
Dungeon (15/15)            Temple (1/1) D:7            Lair (6/6) D:8
  Swamp (4/4) Lair:4        Snake (4/4) Lair:3        Slime (5/5) Lair:6
    Orc (2/2) D:9             Elf (3/3) Orc:2        Vaults (5/5) D:13
  Crypt (3/3) Vaults:2       Tomb (0/3) Crypt:3      Depths (4/5) D:15
   Hell (1/1)
    Dis: Hell:1         Geh: Hell:1         Coc: Hell:1         Tar: Hell:1

Altars:
Ashenzari
Cheibriados
Dithmenos
Elyvilon
Fedhas
Gozag
Hepliaklqana
Kikubaaqudgha
Makhleb
Nemelex Xobeh
Okawaru
Qazlal
Ru
Sif Muna
Trog
Uskayaw
Vehumet
Wu Jian
Xom
Yredelemnul
Zin
The Shining One
Jiyva
Lugonu

Shops:
Orc:2 :}[*?   Elf:2 ?   Elf:3 =}=   Vaults:2 (   Vaults:3 [   Vaults:5 %
Depths:1 }:[[(   Depths:3 *

Portals:
Hell: Depths:1 Depths:2 Depths:3 Depths:4
Abyss: Depths:4
Pandemonium: Depths:3 Depths:4

Annotations:
Hell Geryon


Innate Abilities, Weirdness & Mutations

You have a pair of large horns on your head.
You are completely covered in large bone plates. (SH +8)
Your flesh is cold resistant. (rC+)
A meltable icy envelope protects you from harm. (AC +0)
You are completely attuned to the shadows.
Your magical and physical power is greatly enhanced at high health.
You are immune to freezing clouds.
You have supernaturally acute eyesight. (SInv)
You are agile. (Dex +2)


Message History

The reaper hits you from afar with a scythe of flaming!!
* * * LOW HITPOINT WARNING * * *
The reaper burns you!
* * * LOW HITPOINT WARNING * * *
You block the wolf spider simulacrum's attack.
The wolf spider simulacrum bites you.
* * * LOW HITPOINT WARNING * * *
The wolf spider simulacrum freezes you. You resist.
* * * LOW HITPOINT WARNING * * *
Thank you for visiting Hell.
Please come again soon.
You go up through the gate.
Welcome back to the Depths!
There is a gateway to Hell here.
Blink to where?
Press: ? - help, Dir - move target cursor You are very lightly contaminated with residual magic.
As you read the scroll of blinking, it crumbles to dust.
There is a stone staircase leading up here.
The hell hog breathes fire at you.
The fireball explodes!
The fireball engulfs you!
You die...

#.### ##...## #.....### ###
#..≈≈.#.#### ##.## ##.≈≈...##.###
#### #...## #.≈≈≈........###..#
#....#
#........≈≈..##...#######...###
#..>.....≈≈..#.....#.##........
#.............@...........≈≈≈..
#..............h.<#.......≈≈...
##..............h##..#........#
####...............h..........##
#......###.......###§....[≈...##
##.......#.........#.)h...≈≈≈...#
#..≈..#..#..#...#..#..#...≈.....#
#..≈..#######...#######...≈.##...
#.....#..#..#...#..#..#..........


You could see 3 hell hogs.

Vanquished Creatures
  the Royal Jelly (Slime:5)
  4 juggernauts
  The ghost of Zoenear the Executioner, a legendary FoFi of Zin (Vaults:3)
  The ghost of Zoenear the Executioner, a legendary FoFi of Zin (Vaults:3)
  Margery (Vaults:4)
  Vashnia (Snake:4)
  A caustic shrike (Depths:2)
  Saint Roka (Snake:4)
  2 profane servitors (Crypt:3)
  Jory (Vaults:2)
  A bone dragon (Abyss:3)
  Jorgrun (Snake:4)
  6 liches
  2 deep elf blademasters (Elf:3)
  5 tentacled monstrosities
  16 acid blobs
  3 quicksilver dragons
  A deep elf master archer (Elf:3)
  2 titans
  Frances (D:13)
  An Executioner (Abyss:1)
  7 sphinxes
  8 tentacled starspawn
  9 tengu reavers
  8 ancient champions
  3 thorn hunters
  A shadow dragon (Vaults:5)
  13 azure jellies
  15 nagarajas
  Donald (Vaults:1)
  8 revenants
  Roxanne (Snake:4)
  9 fire giants
  7 deep elf sorcerers
  An iron dragon (Hell)
  A cacodemon (Abyss:3)
  10 frost giants
  A balrug (Abyss:2)
  A draconian scorcher (Abyss:3)
  14 vault wardens
  2 caustic shrike zombies
  3 curse skulls
  4 ghouls (Crypt:2)
  A draconian stormcaller (Abyss:3)
  14 ironheart preservers
  5 deep elf elementalists
  3 war gargoyles
  3 spriggan defenders
  2 entropy weavers (Vaults:3)
  12 very ugly things
  43 stone giants
  A corrupter (Abyss:3)
  8 vampire knights
  7 deep elf demonologists
  11 deep elf annihilators
  5 dire elephants (Lair:6)
  A white draconian (Abyss:3)
  A lorocyproca (Abyss:3)
  2 spark wasps (Depths:2)
  3 eidola (Crypt:2)
  2 mummy priests (Crypt:3)
  A blizzard demon (Depths:3)
  15 ettins
  2 crystal guardians
  Snorg (Orc:1)
  9 deep elf death magi
  8 death oozes (Slime:5)
  10 fire dragons
  A quicksilver dragon zombie (Crypt:1)
  15 jiangshi
  3 green deaths
  A merfolk impaler (Depths:4)
  18 yaktaur captains
  9 deep elf high priests
  19 great orbs of eyes
  16 naga warriors
  24 hydras
  A quicksilver dragon skeleton (Crypt:2)
  8 ice dragons
  A hell beast (Depths:1)
  11 rakshasas
  10 centaur warriors
  31 vault guards
  A satyr (Abyss:3)
  20 ogre magi
  Erica (D:10)
  18 anacondas
  9 death yaks
  2 ghost crabs (Swamp:4)
  58 two-headed ogres
  5 death knights
  5 spriggan air magi
  29 dancing weapons
  A titan zombie (Depths:3)
  15 alligators
  4 deep troll shamans
  7 hell hogs
  A spriggan berserker (Depths:4)
  9 thrashing horrors
  7 vampire magi
  The ghost of pk666 the Thaumaturge, a journeyman DEFE of Vehumet (D:9)
  8 deep troll earth magi
  An orc high priest (Elf:2)
  7 tengu warriors
  26 deep elf knights
  10 naga sharpshooters
  4 sun demons
  2 soul eaters
  11 shock serpents
  6 hell knights
  2 titan skeletons
  A storm dragon zombie (Crypt:2)
  7 wretched stars
  A fire crab (shapeshifter) (Vaults:3)
  6 sixfirhies
  7 spatial maelstroms
  37 large abominations
  8 iron trolls
  3 salamander mystics
  A storm dragon skeleton (Crypt:2)
  A death drake (shapeshifter) (Vaults:5)
  33 skeletal warriors
  6 unseen horrors
  2 anaconda zombies (Crypt:2)
  2 golden dragon zombies
  A death drake (Abyss:3)
  35 starcursed masses
  3 shadow wraiths
  4 wizards
  3 spriggan druids
  7 glowing orange brains
  3 swamp dragons
  23 deep trolls
  16 phantasmal warriors
  5 naga ritualists
  26 deep elf archers
  A shadow demon (Depths:4)
  3 wolf spider zombies (D:15)
  9 ironbrand convokers
  An orange crystal statue (Depths:2)
  6 shambling mangroves
  8 harpies
  12 necromancers
  11 flayed ghosts
  An orb spider (shapeshifter) (Depths:4)
  A sphinx zombie (Vaults:3)
  18 orc knights
  An iron dragon zombie (Abyss:2)
  A golden dragon skeleton (Crypt:3)
  79 deep elf magi
  2 frost giant zombies
  A statue (Abyss:3)
  4 shining eyes
  2 mana vipers (Snake:1)
  31 ugly things
  3 manticores
  3 stone giant zombies
  15 salamanders
  A cyclops (shapeshifter) (Vaults:5)
  2 wolf spiders
  4 orc sorcerers
  2 fire giant skeletons
  A spriggan zombie (Depths:3)
  A sphinx skeleton (Crypt:1)
  27 cyclopes
  8 worldbinders
  33 black mambas
  8 elephants
  5 rust devils
  6 centaur zombies
  2 ice statues (Depths:1)
  14 guardian serpents
  2 frost giant skeletons (Crypt:2)
  22 naga magi
  A shock serpent zombie (Crypt:3)
  A stone giant skeleton (Abyss:1)
  2 water nymphs (Abyss:3)
  11 smoke demons
  2 apocalypse crabs (Abyss:3)
  14 vault sentinels
  A torpor snail (shapeshifter) (Vaults:5)
  4 eyes of devastation
  An elf skeleton (Depths:2)
  11 orange demons
  2 dire elephant skeletons
  11 spiny frogs
  A green draconian zombie (Crypt:2)
  3 rime drakes
  2 centaur skeletons (D:15)
  4 demonic crawlers
  11 komodo dragons
  A yaktaur zombie (Vaults:3)
  A human zombie (Vaults:3)
  57 yaktaurs
  A tormentor (Abyss:1)
  4 efreet
  14 freezing wraiths
  2 ice devils
  A kobold demonologist (D:11)
  2 komodo dragons (shapeshifter)
  8 guardian mummies (Crypt:3)
  11 ancient zymes
  An emperor scorpion zombie (Crypt:1)
  A hydra zombie (Crypt:2)
  A catoblepas skeleton (Crypt:2)
  A meliai (shapeshifter) (Vaults:1)
  2 red devils (Abyss:2)
  A yaktaur skeleton (Vaults:3)
  6 hellwings
  A ghost moth simulacrum (Crypt:2)
  2 tengu conjurers (Depths:2)
  A minotaur skeleton (Crypt:1)
  A polar bear (shapeshifter) (Elf:2)
  13 polar bears
  23 trolls
  A queen bee (shapeshifter) (D:15)
  2 trolls (shapeshifter)
  11 tyrant leeches
  A hornet (shapeshifter) (D:14)
  41 hornets
  A wind drake (shapeshifter) (D:14)
  27 raiju
  An iron dragon simulacrum (Crypt:1)
  An ettin zombie (Crypt:2)
  A deep troll zombie (Depths:1)
  A meliai zombie (Crypt:1)
  An ice dragon zombie (Crypt:3)
  A hydra skeleton (Crypt:1)
  67 slime creatures
  13 bog bodies
  A fire giant simulacrum (Vaults:3)
  9 shadows
  6 hippogriffs
  4 air elementals (Elf:1)
  15 flying skulls
  3 tarantellas (shapeshifter)
  4 redbacks
  3 wyverns
  17 spriggans
  2 ettin skeletons
  4 ice dragon skeletons
  2 elf zombies
  6 wraiths
  8 ynoxinuls
  5 ushabtiu (Crypt:3)
  5 basilisks
  9 water elementals
  2 tarantellas (Vaults:3)
  4 hogs (D:9)
  22 yaks
  A vampire (D:15)
  A golden eye (shapeshifter) (Vaults:1)
  A hog (shapeshifter) (Vaults:1)
  2 fire elementals
  A human (D:9)
  6 golden eyes (Slime:5)
  7 chaos spawn
  12 neqoxecs
  6 hungry ghosts
  20 spatial vortices
  14 vampire mosquitoes
  8 wargs
  38 nagas
  4 acid dragons
  3 insubstantial wisps (Abyss:3)
  A harpy simulacrum (Depths:1)
  An acid dragon (shapeshifter) (Vaults:5)
  14 swamp worms
  2 hydra simulacra (Depths:1)
  A water nymph skeleton (Crypt:1)
  A faun skeleton (Crypt:3)
  A hell hound (Abyss:1)
  11 porcupines
  19 water moccasins
  3 sky beasts
  5 swamp drakes
  An infernal demonspawn skeleton (Crypt:1)
  2 ice beasts
  A necrophage (Crypt:2)
  2 spiny frog skeletons (Crypt:2)
  47 orc warriors
  A phantom (D:5)
  15 black bears
  2 black mamba simulacra (Depths:1)
  5 eyes of draining
  A swamp dragon zombie (Crypt:2)
  18 wolves
  55 ogres
  4 boggarts
  29 small abominations
  12 crocodiles
  A hog zombie (Crypt:1)
  7 centaurs
  A snapping turtle skeleton (Crypt:2)
  A blink frog skeleton (Crypt:3)
  A big kobold (shapeshifter) (Depths:4)
  A human skeleton (Vaults:3)
  2 big kobolds
  14 bullfrogs
  A rime drake skeleton (Crypt:3)
  A gnoll sergeant (D:7)
  A wyvern zombie (D:15)
  3 earth elementals
  A komodo dragon skeleton (Crypt:3)
  An elf simulacrum (Vaults:1)
  A wyvern skeleton (D:9)
  4 scorpions
  A hornet simulacrum (Vaults:1)
  A warg skeleton (Crypt:2)
  4 killer bees (D:9)
  A snapping turtle simulacrum (Crypt:2)
  A troll skeleton (Crypt:2)
  2 wights (Abyss:1)
  2 howler monkeys (D:7)
  4 electric eels
  4 crimson imps
  4 lava snakes (Snake:1)
  A wyvern simulacrum (D:15)
  4 quasits
  2 bullfrog zombies
  A yaktaur simulacrum (Vaults:1)
  8 hounds
  28 orc wizards
  28 orc priests
  5 jellies
  9 iron imps
  Jessica (D:10)
  6 bullfrog skeletons
  4 iguanas
  13 worker ants
  2 troll simulacra (Depths:1)
  A killer bee zombie (D:4)
  A deep dwarf skeleton (Crypt:1)
  A dwarf skeleton (Crypt:3)
  A hound zombie (D:10)
  A hound skeleton (D:4)
  A worker ant zombie (D:7)
  7 mummies (Crypt:3)
  7 adders
  8 gnolls
  A naga simulacrum (Depths:1)
  A river rat (D:5)
  6 shadow imps
  5 white imps
  6 ufetubi
  4 oozes
  2 adder skeletons (D:9)
  A barachi skeleton (Crypt:2)
  A dart slug (D:1)
  6 worms
  7 leopard geckos
  122 orcs
  16 bats
  7 giant cockroaches
  6 goblins
  5 hobgoblins
  14 jackals
  6 quokkas
  5 ball pythons
  9 frilled lizards
  3 goblin skeletons
  2 goblin zombies
  A hobgoblin zombie (D:4)
  16 kobolds
  A kobold skeleton (D:4)
  2 kobold zombies (D:4)
  A leopard gecko skeleton (D:7)
  2 orc skeletons (D:4)
  An orc zombie (D:4)
  A quokka skeleton (D:4)
  10 rats
  A briar patch (Swamp:4)
  2 plants (Lair:6)
  6 starspawn tentacles
2781 creatures vanquished.

Vanquished Creatures (collateral kills)
  A deep elf sorcerer (Vaults:3)
  A stone giant (Vaults:5)
  An anaconda (Snake:4)
  2 hell knights (Vaults:4)
  An orc knight (Vaults:3)
  A black mamba (Snake:4)
  A crawling corpse (Vaults:3)
8 creatures vanquished.

Vanquished Creatures (others)
  2 fire giants
  A yaktaur captain (Depths:4)
  An ogre mage (Vaults:1)
  A naga ritualist (Snake:4)
  2 deep elf magi (Elf:1)
  A yaktaur (Vaults:2)
  A hornet (Abyss:3)
  A goblin (D:1)
  A jackal (D:8)
  A briar patch (Swamp:4)
  2 fungi
  A lurking horror (Abyss:3)
  2 plants (Lair:6)
  12 starspawn tentacles
29 creatures vanquished.

Grand Total: 2818 creatures vanquished

Notes
Turn   | Place    | Note
-------+----------+-------------------------------------------
     0 | D:1      | vishdafish the Demonspawn Berserker began the quest for the Orb.
     0 | D:1      | Reached XP level 1. HP: 18/18 MP: 1/1
   154 | D:1      | Gained mutation: Your flesh is cold resistant. (rC+) [demonic ancestry]
   154 | D:1      | Reached XP level 2. HP: 24/24 MP: 2/2
   949 | D:2      | Gained mutation: You are immune to freezing clouds. [demonic ancestry]
   949 | D:2      | Reached XP level 3. HP: 29/29 MP: 3/3
   962 | D:2      | Reached ** piety under Trog
  1077 | D:2      | Found a shattered altar of Ashenzari.
  2002 | D:3      | Reached XP level 4. HP: 30/35 MP: 4/4
  2646 | D:4      | Gained mutation: You are partially covered in large bone plates. (SH +4) [demonic ancestry]
  2646 | D:4      | Reached XP level 5. HP: 42/42 MP: 5/5
  2898 | D:4      | Reached skill level 4 in Fighting
  2900 | D:4      | Reached *** piety under Trog
  3399 | D:4      | Found a glowing golden altar of the Shining One.
  3623 | D:5      | Entered Level 5 of the Dungeon
  3711 | D:5      | Reached XP level 6. HP: 42/48 MP: 6/6
  3869 | D:5      | Found a glowing golden altar of the Shining One.
  3945 | D:5      | Noticed a sky beast
  3975 | D:5      | Killed a sky beast
  3975 | D:5      | Reached XP level 7. HP: 22/55 MP: 7/7
  4089 | D:5      | Found a glowing drain.
  4099 | Sewer    | Entered a sewer
  4343 | Sewer    | Reached **** piety under Trog
  4904 | D:5      | Noticed a moth of wrath
  4907 | D:5      | Found a bloodstained altar of Trog.
  5135 | D:5      | Reached skill level 5 in Fighting
  5444 | D:6      | Reached skill level 5 in Polearms
  5513 | D:6      | Found a basalt altar of Yredelemnul.
  5548 | D:6      | Gained mutation: You are mostly covered in large bone plates. (SH +6) [demonic ancestry]
  5548 | D:6      | Reached XP level 8. HP: 63/63 MP: 8/8
  6105 | D:7      | Reached skill level 6 in Fighting
  6105 | D:7      | Reached skill level 5 in Armour
  6105 | D:7      | Reached skill level 5 in Dodging
  6182 | D:7      | Reached ***** piety under Trog
  6385 | D:7      | Gained mutation: You are completely covered in large bone plates. (SH +8) [demonic ancestry]
  6385 | D:7      | Reached XP level 9. HP: 55/71 MP: 9/9
  6816 | D:7      | Found a glowing golden altar of the Shining One.
  6946 | D:7      | Found a staircase to the Ecumenical Temple.
  7116 | D:8      | Found a staircase to the Lair.
  7116 | D:8      | Noticed a troll
  7210 | D:8      | Found a snail-covered altar of Cheibriados.
  7268 | D:8      | Got a pearl-encrusted ring mail
  7286 | D:8      | Identified the +4 ring mail of Vecsoas {rN+ MR+ Slay+3 SInv} (You found it on level 8 of the Dungeon)
  7588 | D:8      | Killed a troll
  7588 | D:8      | Reached skill level 7 in Fighting
  7629 | D:8      | Found a deep blue altar of Sif Muna.
  8171 | D:9      | Noticed a two-headed ogre
  8178 | D:9      | Killed a two-headed ogre
  8373 | D:9      | Received a gift from Trog
  8390 | D:9      | Got a steaming glaive {god gift}
  8391 | D:9      | Identified the +1 glaive of Hiujuzxoap {chop, +Rage +Inv Stlth+} (Trog gifted it to you on level 9 of the Dungeon)
  8442 | D:9      | Found a staircase to the Orcish Mines.
  8452 | D:9      | Found a runed door.
  8452 | D:9      | Noticed pk666's ghost (journeyman DEFE)
  8457 | D:9      | Found an ornate altar of the Wu Jian Council.
  8477 | D:9      | Gained mutation: You are slightly more attuned to the shadows. [demonic ancestry]
  8477 | D:9      | Reached XP level 10. HP: 68/80 MP: 10/10
  8499 | D:9      | Reached skill level 8 in Fighting
  8527 | D:9      | Killed pk666's ghost
  8541 | D:9      | Gained mutation: Your spells are a little harder to cast, but a little more powerful. [potion of mutation]
  8541 | D:9      | Gained mutation: You are robust. (+10% HP) [potion of mutation]
  8839 | D:9      | Noticed a two-headed ogre
  8854 | D:9      | Killed a two-headed ogre
  8974 | D:10     | Entered Level 10 of the Dungeon
  9030 | D:10     | Reached skill level 9 in Fighting
  9178 | D:10     | Noticed Erica
  9192 | D:10     | Killed Erica
  9192 | D:10     | Reached XP level 11. HP: 97/97 MP: 11/11
  9694 | D:10     | Noticed a two-headed ogre
  9707 | D:10     | Killed a two-headed ogre
  9746 | D:10     | You fall through a shaft!
 10037 | D:11     | Noticed a skeletal warrior
 10037 | D:11     | Noticed a skeletal warrior
 10038 | D:11     | Noticed a skeletal warrior
 10264 | D:10     | Noticed Jessica
 10275 | D:10     | Killed Jessica
 10278 | D:10     | Found a deep blue altar of Sif Muna.
 10416 | Lair:1   | Entered Level 1 of the Lair of Beasts
 10973 | Lair:1   | Reached skill level 1 in Shields
 12198 | Lair:2   | Reached skill level 5 in Shields
 12681 | Lair:3   | Gained mutation: Your magical and physical power is slightly enhanced at high health. [demonic ancestry]
 12681 | Lair:3   | Reached XP level 12. HP: 106/106 MP: 12/12
 12708 | Lair:3   | Reached ****** piety under Trog
 12966 | Lair:3   | Found a staircase to the Snake Pit.
 13434 | Lair:3   | Noticed a death yak
 13435 | Lair:3   | Noticed a death yak
 13435 | Lair:3   | Noticed a death yak
 13436 | Lair:3   | Noticed a death yak
 13436 | Lair:3   | Noticed a death yak
 13464 | Lair:3   | Killed a death yak
 13468 | Lair:3   | Killed a death yak
 13468 | Lair:3   | Received a gift from Trog
 13473 | Lair:3   | Killed a death yak
 13477 | Lair:3   | Killed a death yak
 13484 | Lair:3   | Killed a death yak
 13806 | Lair:3   | Found an opulent altar of Gozag.
 13873 | Lair:3   | Identified a scroll of acquirement
 14120 | Lair:3   | Reached skill level 10 in Shields
 14419 | Lair:4   | Noticed a six-headed hydra
 14429 | Lair:4   | Killed a six-headed hydra
 14735 | Lair:4   | Noticed a death yak
 14735 | Lair:4   | Noticed a death yak
 14761 | Lair:4   | Noticed a death yak
 14770 | Lair:4   | Killed a death yak
 14776 | Lair:4   | Killed a death yak
 14781 | Lair:4   | Killed a death yak
 14918 | Lair:4   | Found a staircase to the Swamp.
 15004 | Lair:4   | Noticed an eight-headed hydra
 15015 | Lair:4   | Killed an eight-headed hydra
 15072 | Lair:4   | Noticed a seven-headed hydra
 15083 | Lair:4   | Killed a seven-headed hydra
 15245 | Lair:4   | Gained mutation: You have a pair of small horns on your head. [demonic ancestry]
 15245 | Lair:4   | Reached XP level 13. HP: 112/112 MP: 13/13
 15895 | Lair:5   | Got a tiger eye-encrusted scale mail
 15906 | Lair:5   | Identified the +3 scale mail "Qusuifun" {rF++ rC- Str+5 Int+3} (You found it on level 5 of the Lair of Beasts)
 16113 | Lair:5   | Found the +8 whip "Snakebite" {curare, rPois}
 16680 | Lair:6   | Entered Level 6 of the Lair of Beasts
 16780 | Lair:6   | Reached skill level 10 in Fighting
 16945 | Lair:6   | Received a gift from Trog
 17177 | Lair:6   | Found a runed door.
 17177 | Lair:6   | Found a viscous altar of Jiyva.
 17177 | Lair:6   | Found a staircase to the Slime Pits.
 17789 | Lair:6   | Noticed a dire elephant
 17789 | Lair:6   | Noticed a dire elephant
 17793 | Lair:6   | Noticed a dire elephant
 17802 | Lair:6   | Killed a dire elephant
 17810 | Lair:6   | Killed a dire elephant
 17817 | Lair:6   | Killed a dire elephant
 17894 | Lair:6   | Noticed a dire elephant
 17897 | Lair:6   | Noticed a dire elephant
 17907 | Lair:6   | Killed a dire elephant
 17920 | Lair:6   | Killed a dire elephant
 18090 | Orc:1    | Entered Level 1 of the Orcish Mines
 18320 | Orc:1    | Reached XP level 14. HP: 121/122 MP: 14/14
 18429 | Orc:1    | Noticed Snorg
 18436 | Orc:1    | Killed Snorg
 18547 | Orc:2    | Entered Level 2 of the Orcish Mines
 18549 | Orc:2    | Found a staircase to the Elven Halls.
 18889 | Orc:2    | Reached skill level 10 in Polearms
 18928 | Orc:2    | Received a gift from Trog
 19042 | Orc:2    | Found Eschorgh's General Store.
 19046 | Orc:2    | Found Jeiset's Gadget Boutique.
 19089 | Orc:2    | Reached skill level 11 in Fighting
 19192 | Orc:2    | Reached skill level 10 in Dodging
 19203 | Orc:2    | Reached skill level 10 in Armour
 19419 | Orc:2    | Found Xifaph's Book Emporium.
 19463 | Orc:2    | Found Biuts's Magic Scroll Shoppe.
 19464 | Orc:2    | Bought a scroll of identify for 20 gold pieces
 19478 | Orc:2    | Found Hyka's Antique Armour Shop.
 19617 | Orc:2    | Bought a scroll of enchant weapon for 120 gold pieces
 19617 | Orc:2    | Bought a scroll of teleportation for 48 gold pieces
 19617 | Orc:2    | Bought a scroll of identify for 32 gold pieces
 19617 | Orc:2    | Bought a scroll of blinking for 120 gold pieces
 19621 | Orc:2    | Bought a scroll of summoning for 152 gold pieces
 19628 | Orc:2    | Bought a pearl-encrusted chain mail for 237 gold pieces
 19639 | Orc:2    | Identified the +3 chain mail of Negation {rPois rF+} (You bought it in a shop on level 2 of the Orcish Mines)
 20381 | D:11     | Found a portal to a secret trove of treasure.
 21222 | D:13     | Noticed Frances
 21233 | D:13     | Killed Frances
 21269 | D:13     | Found a gate to the Vaults.
 21603 | D:13     | Gained mutation: You have a pair of horns on your head. [demonic ancestry]
 21603 | D:13     | Reached XP level 15. HP: 125/132 MP: 15/15
 21881 | D:14     | Found a basalt altar of Yredelemnul.
 22741 | D:15     | Entered Level 15 of the Dungeon
 22770 | D:15     | Received a gift from Trog
 22824 | D:15     | Found a snail-covered altar of Cheibriados.
 22825 | D:15     | Found a bloodstained altar of Trog.
 22974 | D:15     | Found a staircase to the Depths.
 23034 | D:15     | Found a basalt altar of Yredelemnul.
 23076 | D:15     | Reached skill level 12 in Fighting
 23267 | D:15     | Received a gift from Trog
 23404 | D:15     | Noticed a sphinx
 23416 | D:15     | Killed a sphinx
 23435 | D:15     | Noticed a tengu reaver
 23778 | D:15     | Killed a tengu reaver
 23784 | D:15     | Got a pair of steaming gloves
 23799 | D:15     | Identified the +3 pair of gloves of Classification {rF- MR++ Int+3} (You found it on level 15 of the Dungeon)
 24158 | D:15     | Noticed a frost giant
 24176 | D:15     | Killed a frost giant
 24821 | Swamp:1  | Entered Level 1 of the Swamp
 24833 | Swamp:1  | Found a deep blue altar of Sif Muna.
 24925 | Swamp:1  | Paralysed by a hornet for 3 turns
 25320 | Swamp:1  | Reached XP level 16. HP: 113/141 MP: 16/16
 25522 | Swamp:1  | Received a gift from Trog
 26829 | Swamp:3  | Noticed a thorn hunter
 26838 | Swamp:3  | Killed a thorn hunter
 26860 | Swamp:3  | Reached skill level 13 in Fighting
 27009 | Swamp:3  | Noticed a tentacled monstrosity
 27019 | Swamp:3  | Killed a tentacled monstrosity
 27138 | Swamp:3  | Received a gift from Trog
 27593 | Swamp:4  | Entered Level 4 of the Swamp
 27609 | Swamp:4  | Noticed a thorn hunter
 27621 | Swamp:4  | Killed a thorn hunter
 28688 | Swamp:4  | Received a gift from Trog
 28691 | Swamp:4  | Got a bloodstained triple crossbow {god gift}
 28693 | Swamp:4  | Identified the +8 triple crossbow of Profit {elec, Dex+7} (Trog gifted it to you on level 4 of the Swamp)
 28779 | Swamp:4  | Noticed a tentacled monstrosity
 28801 | Swamp:4  | Killed a tentacled monstrosity
 28801 | Swamp:4  | Gained mutation: You have a pair of large horns on your head. [demonic ancestry]
 28801 | Swamp:4  | Reached XP level 17. HP: 71/150 MP: 17/17
 29353 | Swamp:4  | Got a decaying rune of Zot
 29643 | Snake:1  | Entered Level 1 of the Snake Pit
 30283 | Snake:1  | Reached skill level 15 in Shields
 30613 | Snake:1  | Received a gift from Trog
 31061 | Snake:2  | Reached skill level 14 in Fighting
 31569 | Snake:2  | Received a gift from Trog
 32188 | Snake:3  | Received a gift from Trog
 32189 | Snake:3  | Found the +8 lance "Wyrmbane" {slay drac, rPois rF+ rC+ AC+3}
 32202 | Snake:3  | Found a stormy altar of Qazlal.
 32902 | Snake:3  | Reached XP level 18. HP: 161/161 MP: 18/18
 33291 | Snake:4  | Entered Level 4 of the Snake Pit
 33314 | Snake:4  | Noticed Saint Roka
 33631 | Snake:4  | Noticed Roxanne
 33651 | Snake:4  | Killed Roxanne
 33779 | Snake:4  | Killed Saint Roka
 33781 | Snake:4  | Received a gift from Trog
 34648 | Snake:4  | Noticed Jorgrun
 34674 | Snake:4  | Killed Jorgrun
 34731 | Snake:4  | Noticed Vashnia
 34804 | Snake:4  | Received a gift from Trog
 35031 | Snake:4  | Killed Vashnia
 35662 | Snake:4  | Reached skill level 15 in Fighting
 35935 | Snake:4  | Received a gift from Trog
 36309 | Snake:4  | Got a serpentine rune of Zot
 36662 | Vaults:1 | Entered Level 1 of the Vaults
 36682 | Vaults:1 | Gained mutation: Your magical and physical power is enhanced at high health. [demonic ancestry]
 36682 | Vaults:1 | Reached XP level 19. HP: 170/170 MP: 19/19
 37168 | Vaults:1 | Received a gift from Trog
 37666 | Vaults:1 | Noticed Donald
 37689 | Vaults:1 | Killed Donald
 37936 | Vaults:1 | Received a gift from Trog
 39181 | Vaults:2 | Found Fopeozxyss's Weapon Boutique.
 39220 | Vaults:2 | Received a gift from Trog
 39736 | Vaults:2 | Received a gift from Trog
 39764 | Vaults:2 | Found a staircase to the Crypt.
 39764 | Vaults:2 | Found a basalt altar of Yredelemnul.
 39790 | Vaults:2 | Found an ancient bone altar of Kikubaaqudgha.
 39944 | Vaults:2 | Noticed Jory
 39961 | Vaults:2 | Reached skill level 16 in Fighting
 39982 | Vaults:2 | Killed Jory
 39982 | Vaults:2 | Gained mutation: A meltable icy envelope protects you from harm. (AC +0) [demonic ancestry]
 39982 | Vaults:2 | Reached XP level 20. HP: 180/180 MP: 20/20
 40536 | Vaults:3 | Found a large runed door.
 40536 | Vaults:3 | Found a large runed door.
 40536 | Vaults:3 | Noticed Zoenear's ghost (legendary FoFi)
 40536 | Vaults:3 | Noticed Zoenear's ghost (legendary FoFi)
 40636 | Vaults:3 | Received a gift from Trog
 40648 | Vaults:3 | Reached skill level 15 in Polearms
 40906 | Vaults:3 | Got a bound golden amulet
 41093 | Vaults:3 | Received a gift from Trog
 41131 | Vaults:3 | Killed Zoenear's ghost
 41131 | Vaults:3 | Reached skill level 15 in Dodging
 41236 | Vaults:3 | Reached skill level 15 in Armour
 41486 | Vaults:3 | Identified the amulet of Zissan {Harm *Drain Dex+2} (You found it on level 3 of the Vaults)
 41578 | Vaults:3 | Received a gift from Trog
 41917 | Vaults:3 | Killed Zoenear's ghost
 42448 | Vaults:3 | Found Xunwoff's Armour Shoppe.
 42459 | Vaults:3 | Identified the +4 pair of gloves "Gilog" {MR+ Str-4 Slay+2} (You acquired it on level 3 of the Vaults)
 42780 | Vaults:4 | Received a gift from Trog
 43228 | Vaults:4 | Reached XP level 21. HP: 181/189 MP: 21/21
 43254 | Vaults:4 | Received a gift from Trog
 43419 | Vaults:4 | Noticed Margery
 43435 | Vaults:4 | Killed Margery
 43458 | Vaults:4 | Got a pair of scorched boots
 43469 | Vaults:4 | Identified the +0 pair of boots of Gakk {Str+2 Int+4 SInv} (You acquired it on level 4 of the Vaults)
 44165 | Vaults:5 | Entered Level 5 of the Vaults
 44470 | Elf:1    | Entered Level 1 of the Elven Halls
 44479 | Elf:1    | Reached skill level 17 in Fighting
 44597 | Elf:1    | Received a gift from Trog
 44632 | Elf:1    | Identified the Handbook of Arcane Weapons and Creation
 45457 | Elf:2    | Received a gift from Trog
 45778 | Elf:2    | Found Wyimiwn's Magic Scroll Boutique.
 45792 | Elf:2    | Bought a scroll of silence for 142 gold pieces
 45792 | Elf:2    | Bought a scroll of teleportation for 57 gold pieces
 45792 | Elf:2    | Bought a scroll of teleportation for 57 gold pieces
 45902 | Elf:2    | Found a runed gate.
 45904 | Elf:2    | Found a runed gate.
 45904 | Elf:2    | Found a runed gate.
 45990 | Elf:2    | Received a gift from Trog
 46365 | Elf:2    | Received a gift from Trog
 46557 | Elf:3    | Entered Level 3 of the Elven Halls
 46732 | Elf:3    | Received a gift from Trog
 47013 | Elf:3    | Found Wyimahudd's General Store.
 47033 | Elf:3    | Found Xacuelauf's Jewellery Shoppe.
 47033 | Elf:3    | Found Yjiwum's Gadget Boutique.
 47034 | Elf:3    | Found Xap Moim's Jewellery Shoppe.
 47157 | Elf:3    | Reached XP level 22. HP: 200/200 MP: 22/22
 47602 | Elf:3    | Received a gift from Trog
 47952 | Elf:3    | Identified the Guide on Protection and Dislocation
 47963 | Elf:3    | Identified the +0 chain mail of Diaguan {rC- Str+2 Dex+4} (You found it on level 3 of the Elven Halls)
 48071 | Elf:3    | Identified the +6 ring mail "Ishroav" {rElec MR+ Str+2 Dex+2} (You took it off a deep elf high priest on level 3 of the Elven Halls)
 48346 | Trove    | Entered a treasure trove
 48355 | Trove    | Found the +5 pair of quick blades "Gyre" and "Gimble" {pierce, Dex-3}
 48398 | Trove    | Got a slimy garnet amulet
 48400 | Trove    | Identified the amulet "Onka Ecwewk" {Acrobat Str+7} (You found it in a treasure trove)
 48445 | Trove    | Identified the +2 troll leather armour "Kuuts" {MR+ Regen+} (You found it in a treasure trove)
 48459 | Trove    | Identified the +1 pair of boots of the Jabberwock {rC+ MP+9 Dex+3} (You found it in a treasure trove)
 48485 | Trove    | Identified the +3 scale mail of Complete Protection {Slay+2} (You found it in a treasure trove)
 48819 | Slime:1  | Entered Level 1 of the Pits of Slime
 49438 | Slime:2  | You fall through a shaft for 2 floors!
 49447 | Slime:5  | Entered Level 5 of the Pits of Slime
 49449 | Slime:5  | Reached * piety under Trog
 49536 | Slime:5  | Gained mutation: Armour fits poorly on your strangely shaped body. [a shining eye]
 49539 | Slime:5  | Reached skill level 18 in Fighting
 49591 | Slime:5  | Gained mutation: You are clumsy. (Dex -2) [a shining eye]
 49594 | Slime:5  | Noticed the Royal Jelly
 49619 | Slime:5  | Killed the Royal Jelly
 49631 | Slime:5  | HP: 9/202 [acid[the Royal Jelly] (3)]
 49632 | Slime:5  | HP: 1/202 [azure jelly[the Royal Jelly] (8)]
 50237 | Slime:5  | Got a slimy rune of Zot
 50465 | Slime:5  | Identified the +10 plate armour of Baldness {*Contam Int+3 Dex+6} (You found it on level 5 of the Pits of Slime)
 50811 | Slime:4  | Paralysed by a great orb of eyes for 5 turns
 51599 | Crypt:1  | Entered Level 1 of the Crypt
 51674 | Crypt:1  | Lost mutation: Armour fits poorly on your strangely shaped body. [potion of mutation]
 51674 | Crypt:1  | Lost mutation: You are clumsy. (Dex -2) [potion of mutation]
 51674 | Crypt:1  | Lost mutation: Your spells are a little harder to cast, but a little more powerful. [potion of mutation]
 51674 | Crypt:1  | Gained mutation: You have supernaturally acute eyesight. (SInv) [potion of mutation]
 51674 | Crypt:1  | Gained mutation: You are somewhat resistant to further mutation. [potion of mutation]
 51687 | Crypt:1  | Gained mutation: You are dopey. (Int -2) [mutagenic glow]
 51839 | Crypt:1  | Gained mutation: You are significantly more attuned to the shadows. [demonic ancestry]
 51839 | Crypt:1  | Reached XP level 23. HP: 208/208 MP: 23/23
 52088 | Temple   | Entered the Ecumenical Temple
 52240 | Temple   | Fell from the grace of Trog
 52240 | Temple   | Became a worshipper of Makhleb the Destroyer
 55023 | Depths:1 | Entered Level 1 of the Depths
 55093 | Depths:1 | Found Navewn's Book Shop.
 55356 | Depths:1 | Found a gateway to Hell.
 55551 | Depths:1 | Found Ireur's Weapon Shoppe.
 56058 | Depths:1 | Found Jiprog's Antique Armour Boutique.
 56065 | Depths:1 | Bought a transparent cloak for 294 gold pieces
 56065 | Depths:1 | Identified the +3 cloak of the Fifty Realms {rF- Regen+ Dex+5} (You bought it in a shop on level 1 of the Depths)
 56085 | Depths:1 | Found Xydiapn's Antique Armour Shop.
 56099 | Depths:1 | Bought a distressingly furry plate armour for 1344 gold pieces
 56099 | Depths:1 | Identified the +10 plate armour of Depression {Int+4} (You bought it in a shop on level 1 of the Depths)
 56784 | Depths:1 | Found Okhlajupt's Gadget Shop.
 56860 | Depths:1 | Reached * piety under Makhleb
 56915 | Depths:1 | Identified the Disquisition on the Glacier
 57446 | Depths:2 | Reached ** piety under Makhleb
 58135 | Depths:2 | Noticed a juggernaut
 58141 | Depths:2 | Noticed a caustic shrike
 58155 | Depths:2 | Killed a caustic shrike
 58177 | Depths:2 | Found the +2 robe of Vines {NoPotionHeal Regen+7}
 58180 | Depths:2 | Reached *** piety under Makhleb
 58210 | Depths:2 | Reached skill level 19 in Fighting
 58279 | Depths:2 | Killed a juggernaut
 58511 | Depths:2 | Identified a +0 pair of boots of running (You acquired it on level 2 of the Depths)
 58553 | Depths:2 | Learned a level 2 spell: Song of Slaying
 58650 | Depths:3 | Reached skill level 1 in Invocations
 58721 | Depths:3 | Reached skill level 1 in Charms
 58723 | Depths:3 | Reached skill level 1 in Spellcasting
 58782 | Depths:3 | Found Qygeen's General Store.
 58854 | Depths:3 | Found a one-way gate leading to the halls of Pandemonium.
 59043 | Depths:3 | Reached skill level 5 in Invocations
 59043 | Depths:3 | Gained mutation: You are completely attuned to the shadows. [demonic ancestry]
 59043 | Depths:3 | Reached XP level 24. HP: 220/220 MP: 26/26
 59111 | Depths:3 | Reached **** piety under Makhleb
 59320 | Depths:3 | Identified the ring "Rankitoh" {rCorr rC- MR+ Dex+6} (You took it off a vampire knight on level 3 of the Depths)
 59433 | Depths:3 | Identified the Handbook of Flying Changing
 60120 | Depths:4 | Noticed a juggernaut
 60140 | Depths:4 | Killed a juggernaut
 60164 | Depths:4 | Noticed a juggernaut
 60204 | Depths:4 | Reached skill level 5 in Spellcasting
 60238 | Depths:4 | Noticed a juggernaut
 60251 | Depths:4 | Killed a juggernaut
 60521 | Depths:4 | Reached ***** piety under Makhleb
 60593 | Depths:4 | Killed a juggernaut
 60696 | Depths:4 | Found a corrupted altar of Lugonu.
 60697 | Depths:4 | Found a one-way gate to the infinite horrors of the Abyss.
 60812 | Depths:4 | Identified the +7 chain mail of the Moon {rC++ Int+3 Dex-5} (You took it off an iron imp on level 4 of the Depths)
 62045 | Crypt:1  | Reached skill level 10 in Spellcasting
 62358 | Crypt:1  | Learned a level 3 spell: Regeneration
 62361 | Crypt:1  | Learned a level 2 spell: Passwall
 62365 | Crypt:1  | Learned a level 3 spell: Spectral Weapon
 62374 | Crypt:1  | Learned a level 8 spell: Necromutation
 62481 | Crypt:2  | Reached skill level 1 in Hexes
 62481 | Crypt:2  | Reached skill level 1 in Necromancy
 62491 | Crypt:2  | Reached skill level 1 in Transmutations
 62491 | Crypt:2  | Reached skill level 1 in Earth Magic
 62988 | Crypt:2  | Gained mutation: Your magical and physical power is greatly enhanced at high health. [demonic ancestry]
 62988 | Crypt:2  | Reached XP level 25. HP: 212/212 MP: 37/37
 63067 | Crypt:2  | Identified the Reference Book on Warped Transmutation
 63092 | Crypt:2  | Reached ****** piety under Makhleb
 63542 | Crypt:3  | Entered Level 3 of the Crypt
 63760 | Crypt:3  | Reached skill level 5 in Necromancy
 63940 | Crypt:3  | Found a staircase to the Tomb.
 64214 | Crypt:3  | Reached skill level 5 in Hexes
 64320 | Crypt:3  | Reached skill level 5 in Transmutations
 64320 | Crypt:3  | Reached skill level 5 in Earth Magic
 64723 | Crypt:3  | Found a basalt altar of Yredelemnul.
 64723 | Crypt:3  | Found an ancient bone altar of Kikubaaqudgha.
 65552 | Vaults:5 | Reached skill level 10 in Necromancy
 65642 | Vaults:5 | Identified the cursed +1 chain mail of Mental Paralysis {rC+ Dex+7} (You found it on level 5 of the Vaults)
 65724 | Vaults:5 | Found the +7 great mace "Firestarter" {inner flame, rF++}
 65724 | Vaults:5 | Found Ticzyap's Food Boutique.
 65897 | Vaults:5 | Reached XP level 26. HP: 77/236 MP: 37/37
 66330 | Vaults:5 | Reached skill level 10 in Transmutations
 66768 | Vaults:5 | Got a silver rune of Zot
 67311 | Depths:4 | Voluntarily entered the Abyss.
 67605 | Abyss:1  | Paralysed by Trog for 7 turns
 67839 | Abyss:1  | Was forgiven by Trog
 68520 | Abyss:1  | Lost mutation: You are robust. (+10% HP) [a neqoxec]
 68531 | Abyss:1  | Found a corrupted altar of Lugonu.
 69768 | Abyss:3  | Got an abyssal rune of Zot
 70038 | Abyss:3  | Gained mutation: Your body sometimes deteriorates upon taking damage. [a cacodemon]
 70357 | Abyss:3  | Found a corrupted altar of Lugonu.
 70556 | Abyss:3  | Reached skill level 15 in Necromancy
 70987 | Abyss:3  | Reached XP level 27. HP: 220/220 MP: 37/37
 71170 | Abyss:3  | Found a bloodstained altar of Trog.
 71209 | Abyss:3  | Paralysed by accursed screaming for 2 turns
 71228 | Depths:4 | Escaped the Abyss
 71231 | Depths:4 | Lost mutation: Your body sometimes deteriorates upon taking damage. [potion of mutation]
 71231 | Depths:4 | Lost mutation: You have supernaturally acute eyesight. (SInv) [potion of mutation]
 71231 | Depths:4 | Lost mutation: You are somewhat resistant to further mutation. [potion of mutation]
 71231 | Depths:4 | Gained mutation: You are weak. (Str -2) [potion of mutation]
 71231 | Depths:4 | Gained mutation: You are robust. (+10% HP) [potion of mutation]
 71232 | Depths:4 | Lost mutation: You are dopey. (Int -2) [potion of mutation]
 71232 | Depths:4 | Lost mutation: You are weak. (Str -2) [potion of mutation]
 71232 | Depths:4 | Lost mutation: You are robust. (+10% HP) [potion of mutation]
 71232 | Depths:4 | Gained mutation: You are dopey. (Int -2) [potion of mutation]
 71232 | Depths:4 | Gained mutation: You have supernaturally acute eyesight. (SInv) [potion of mutation]
 71233 | Depths:4 | Lost mutation: You are dopey. (Int -2) [potion of mutation]
 71233 | Depths:4 | Lost mutation: You have supernaturally acute eyesight. (SInv) [potion of mutation]
 71233 | Depths:4 | Gained mutation: You passively map a small area around you. [potion of mutation]
 71233 | Depths:4 | Gained mutation: Your muscles are strong. (Str +2) [potion of mutation]
 71234 | Depths:4 | Lost mutation: You passively map a small area around you. [potion of mutation]
 71234 | Depths:4 | Lost mutation: Your muscles are strong. (Str +2) [potion of mutation]
 71234 | Depths:4 | Gained mutation: You have supernaturally acute eyesight. (SInv) [potion of mutation]
 71234 | Depths:4 | Gained mutation: You are agile. (Dex +2) [potion of mutation]
 71287 | Hell     | Entered the Vestibule of Hell
 71320 | Hell     | Noticed Geryon
 71375 | Hell     | HP: 9/220 [wolf spider simulacrum[a necromancer] (5)]
 71379 | Depths:4 | Killed from afar by a hell hog

Vault maps used:
D:1:      lightli_arrival_windingriver, lemuel_flame_loot_1
D:2:      evilmike_ruin_ashenzari, minmay_misc_feat_diagonals,
          nrook_mini_backslash, kennysheep_generic_room_6
D:4:      kennysheep_doodads, nicolae_tso_besieged_by_evil
D:5:      old_standard_altar, tgw_trog, first_ration, gup_sewer_entry_bowl
D:6:      yredelemnul_altar_generic
D:7:      temple_statues, basic_altar
D:8:      lemuel_crystal_altar, slow_altar_1, erik_lair_island
D:9:      overflow_temple_1_default, orc_0_dummy, gammafunk_ghost_grave,
          grunt_livestock
D:10:     minmay_misc_feat_rows, tgw_sif, uniq_erica
D:11:     enter_trove_6, serial_bayou_pond_d
D:13:     erik_vaults_1, serial_ice, serial_ice_f, serial_ice_h, serial_ice_g,
          serial_ice_d, special_room, uniq_frances
D:14:     basic_altar
D:15:     hangedman_slaughterboxes
Temple:   regret_index_temple_waves
Lair:1:   serial_bayou_lagoon_a, patterned_corridor
Lair:2:   kb_forest_paths
Lair:3:   dummy_snake_entry, basic_altar, lemuel_fruit_tree
Lair:4:   minmay_swamp_entry_worms, serial_bayou_shore_b
Lair:5:   minmay_guarded_unrand_snakebite
Lair:6:   due_jungle_book, slime_altar_2
Swamp:1:  hangedman_swamp_blocks, swamp_pool2, nicolae_swamp_godswood
Swamp:2:  evilmike_swamp_ruin_wall, swamp_pool1
Swamp:3:  infiniplex_staircase_pool_2, swamp_pool4
Swamp:4:  swamp_vile, swamp_pool4
Snake:1:  nicolae_snake_lava_pool
Snake:2:  onia_ninara_swampy_vault
Snake:3:  basic_altar
Snake:4:  grunt_snake_rune_serpentine_throne, uniq_vashnia, uniq_saint_roka,
          uniq_jorgrun, uniq_roxanne
Slime:3:  cheibrodos_slime_lost_civilization_9
Orc:1:    uniq_snorg
Orc:2:    st_orc_open, serial_shops, nicolae_shop_window_shopping
Elf:1:    minmay_elf_sorcery, grunt_megastairs_1
Elf:2:    serial_shops, nicolae_shop_stone, basic_stair_grate_trap
Elf:3:    minmay_elf_hall_not_hex, serial_shops, shop, minmay_shop_grove
Vaults:1: serial_ice_b, vaults_room_stairs_pillars, hangedman_vaults_hat,
          ontoclasm_vaults_ring_small, st_lines, v_misc_28,
          hangedman_vaults_slither, nicolae_vaults_network_periphery,
          vaults_room_ringed_pool, v_misc_26, vaults_room_semicircle,
          ontoclasm_vaults_gateway, ontoclasm_vaults_shuriken,
          grunt_vaults_focal, grunt_vaults_hallway_long, uniq_donald
Vaults:2: st_squares, v_misc_25, minmay_crypt_entry_necro_gods, v_misc_10,
          grunt_vaults_funnel, ontoclasm_vaults_chip, vaults_room_hallway,
          nicolae_vaults_shelves_hall, ontoclasm_vaults_bender,
          nicolae_vaults_hallways_thing, vaults_room_pools,
          hangedman_vaults_restitches, nicolae_vaults_mini_display_case,
          serial_shops, nicolae_shop_behind_doors, uniq_jory
Vaults:3: advil_vaults_ghost_guards, nicolae_vaults_what_the_h, v_misc_10,
          vaults_room_door_ring, v_misc_14, vaults_room_pools,
          nicolae_vaults_quartermaster, hangedman_vaults_river_flow,
          grunt_vaults_trifunnel, v_misc_27, hangedman_vaults_nails,
          serial_shops, nicolae_shop_waterfront
Vaults:4: vaults_mumra_hexcomb, vaults_mumra_hex, ontoclasm_vaults_chip,
          vaults_room_stairs_pillars, ontoclasm_vaults_misaligned, uniq_margery
Vaults:5: serial_shops
Crypt:1:  grunt_megastairs_3
Crypt:2:  hangedman_screamer, minmay_strange_pillars,
          serial_sigils_hangedman_confine
Crypt:3:  lightli_unholy_cathedral, nicolae_tomb_entry_grand_gallery
Depths:1: hangedman_decor_points, serial_shops, shop, kennysheep_little_box,
          nicolae_shop_window_shopping, nicolae_shop_trees, shop,
          grunt_mini_vestibule, kennysheep_pointless_box, spider_trap,
          grunt_decor_one_mirror, st_stairs_13,
          hangedman_research_thermodynamics
Depths:2: minmay_tearing_corner, infiniplex_staircase_9_rooms, hell_entry,
          mumra_transporter_accident, dpeg_stationary_puzzle
Depths:3: minmay_the_grid_four_pointed_star_mashed, hell_entry, serial_shops,
          shop, rand_demon_pan_entry_5, hangedman_decor_diamond_cutter
Depths:4: hangedman_cross_cluster, nicolae_twisting_strands,
          abyss_entry_flame_altar, grunt_pan_entry_zigzag, hell_entry
Abyss:2:  hangedman_decor_lopped, minivault_26
Abyss:3:  hangedman_abyss_sting, nicolae_abyss_rune_left_handed
Trove:    trove_dig
Sewer:    sewer_fruit_machine

Skill      XL: |  1  2  3  4  5  6  7  8  9 10 11 12 13 14 15 16 17 18 19 20 21 22 23 24 25 26 |
---------------+-------------------------------------------------------------------------------+-----
Dodging        | 2 3 4 5 6 8 9 10 11 12 13 14 15 16 17 | 17.6
Armour         | 2 3 4 5 6 8 9 10 11 12 13 14 15 16 17 | 17.6
Polearms       | 3 4 5 6 7 8 9 10 11 12 13 14 15 16 17 | 17.7
Fighting       | 4 5 6 7 9 10 11 12 13 14 15 16 17 18 19 | 19.0
Shields        | 6 11 12 13 14 15 16 17 18 | 18.4
Invocations    | 5 9 |  9.0
Charms         | 2 4 |  4.2
Spellcasting   | 2 10 | 10.3
Hexes          | 3 6 |  6.0
Necromancy     | 3 10 15 | 15.9
Transmutations | 2 9 13 | 13.7
Earth Magic    | 2 5 |  5.4

Action                   |  1- 3 |  4- 6 |  7- 9 | 10-12 | 13-15 | 16-18 | 19-21 | 22-24 | 25-27 || total
-------------------------+-------+-------+-------+-------+-------+-------+-------+-------+-------++-------
Melee: Spear             |   171 |   258 |   690 |   321 |       |       |       |       |       ||  1440
       Demon trident     |       |       |       |   434 |  1117 |  1057 |       |       |       ||  2608
       Headbutt          |       |       |       |       |   228 |   298 |   393 |   749 |   578 ||  2246
       Lance             |       |       |       |       |       |   802 |  2201 |  2484 |  2084 ||  7571
Throw: Throwing net      |       |       |       |       |       |       |       |       |     1 ||     1
 Cast: Song of Slaying   |       |       |       |       |       |       |       |     1 |       ||     1
Invok: Berserk           |     3 |    10 |    18 |    19 |    16 |    19 |    22 |     4 |       ||   111
       Brothers in Arms  |       |       |       |       |       |     1 |     5 |       |       ||     6
       Trog's Hand       |       |       |       |       |       |     1 |     1 |     1 |       ||     3
Evoke: Wand              |       |       |       |       |       |     2 |       |     7 |     1 ||    10
  Use: Scroll            |       |     5 |     4 |    18 |    13 |     4 |    17 |    29 |     6 ||    96
       Potion            |       |     1 |     5 |     3 |       |     3 |     9 |     9 |     6 ||    36
 Stab: Distracted        |     2 |       |       |     1 |     1 |     3 |     4 |    13 |    37 ||    61
       Sleeping          |     1 |     1 |     1 |     9 |    28 |    17 |    13 |    23 |    24 ||   117
       Invisible         |       |       |       |       |       |       |     2 |       |       ||     2
  Eat: Chunk             |     6 |     7 |    22 |    23 |    21 |    15 |    27 |    12 |    11 ||   144
       Ration            |       |     2 |    10 |     5 |     8 |    14 |     7 |    13 |     5 ||    64
Armor: Leather armour    |    34 |     7 |       |       |       |       |       |       |       ||    41
       Chain mail        |       |    96 |   249 |       |       |       |       |       |       ||   345
       Skin              |       |       |    38 |       |       |       |       |    70 |       ||   108
       Ring mail         |       |       |    22 |   113 |   154 |   209 |   118 |   184 |   265 ||  1065
       Plate armour      |       |       |       |       |       |       |       |    48 |       ||    48
Dodge: Dodged            |    95 |    76 |   298 |   308 |   250 |   494 |   335 |   677 |   605 ||  3138
       Deflected         |       |       |       |     1 |     9 |    58 |    47 |    16 |       ||   131
Block: Other             |       |    35 |   149 |   104 |       |       |       |       |       ||   288
       Buckler           |       |       |       |   166 |       |       |       |       |       ||   166
       Shield            |       |       |       |    72 |   796 |  1201 |  1016 |  1481 |  1376 ||  5942

Table legend:
 A = Spawn XP
 B = Non-spawn XP
 C = Spawn XP percentage of total XP
 D = Spawn monster count
 E = Non-spawn monster count
 F = Spawn count percentage of total count
 G = Total turns spent on level
                    A         B        C        D         E        F      G
               +---------+---------+-------+---------+---------+-------+---------
         Total |   76163 | 1453516 |   5.0 |     160 |    2495 |   6.0 | 71379
               +---------+---------+-------+---------+---------+-------+---------
           D:1 |       0 |      40 |   0.0 |       0 |      24 |   0.0 |   944
           D:2 |       0 |      22 |   0.0 |       0 |      13 |   0.0 |   567
           D:3 |       0 |      40 |   0.0 |       0 |      17 |   0.0 |   876
           D:4 |       0 |     258 |   0.0 |       0 |      31 |   0.0 |  1305
           D:5 |       0 |     652 |   0.0 |       0 |      20 |   0.0 |   917
           D:6 |       0 |     485 |   0.0 |       0 |      18 |   0.0 |   702
           D:7 |       0 |    1451 |   0.0 |       0 |      44 |   0.0 |  3792
           D:8 |       0 |    1179 |   0.0 |       0 |      21 |   0.0 |  1219
           D:9 |       0 |    5189 |   0.0 |       0 |      32 |   0.0 |  1005
          D:10 |       0 |    3944 |   0.0 |       0 |      36 |   0.0 |  1243
          D:11 |       0 |    5072 |   0.0 |       0 |      19 |   0.0 |  1131
          D:12 |       0 |    1171 |   0.0 |       0 |       4 |   0.0 |   820
          D:13 |       0 |   13342 |   0.0 |       0 |      59 |   0.0 |   908
          D:14 |       0 |    2531 |   0.0 |       0 |      11 |   0.0 |   990
          D:15 |       0 |   43096 |   0.0 |       0 |      79 |   0.0 |  2250
        Lair:1 |       0 |    2351 |   0.0 |       0 |      17 |   0.0 |  1136
        Lair:2 |       0 |    4893 |   0.0 |       0 |      26 |   0.0 |  1127
        Lair:3 |       0 |    9390 |   0.0 |       0 |      31 |   0.0 |  1875
        Lair:4 |       0 |    8258 |   0.0 |       0 |      18 |   0.0 |  1356
        Lair:5 |       0 |    7633 |   0.0 |       0 |      26 |   0.0 |  1183
        Lair:6 |       0 |   15549 |   0.0 |       0 |      33 |   0.0 |  1645
       Swamp:1 |       0 |    9349 |   0.0 |       0 |      24 |   0.0 |  1385
       Swamp:2 |       0 |    9087 |   0.0 |       0 |      22 |   0.0 |   636
       Swamp:3 |       0 |   21347 |   0.0 |       0 |      31 |   0.0 |  1078
       Swamp:4 |       0 |   39015 |   0.0 |       0 |      70 |   0.0 |  1698
       Snake:1 |       0 |   14994 |   0.0 |       0 |      36 |   0.0 |  1116
       Snake:2 |       0 |   25595 |   0.0 |       0 |      40 |   0.0 |  1299
       Snake:3 |       0 |   25928 |   0.0 |       0 |      44 |   0.0 |  2068
       Snake:4 |       0 |   80494 |   0.0 |       0 |     112 |   0.0 |  2356
       Slime:1 |       0 |   13569 |   0.0 |       0 |      19 |   0.0 |   428
       Slime:2 |       0 |   13569 |   0.0 |       0 |      20 |   0.0 |   202
       Slime:4 |       0 |    5370 |   0.0 |       0 |      11 |   0.0 |   577
       Slime:5 |       0 |   42856 |   0.0 |       0 |      35 |   0.0 |   930
         Orc:1 |       0 |    4835 |   0.0 |       0 |      36 |   0.0 |   522
         Orc:2 |       0 |   18544 |   0.0 |       0 |      76 |   0.0 |  1164
         Elf:1 |       0 |   26578 |   0.0 |       0 |      42 |   0.0 |  1000
         Elf:2 |       0 |   43679 |   0.0 |       0 |      66 |   0.0 |  1125
         Elf:3 |       0 |   63347 |   0.0 |       0 |      63 |   0.0 |  1538
      Vaults:1 |       0 |   30232 |   0.0 |       0 |      62 |   0.0 |  2176
      Vaults:2 |       0 |   74808 |   0.0 |       0 |     106 |   0.0 |  2071
      Vaults:3 |       0 |   77874 |   0.0 |       0 |     110 |   0.0 |  2314
      Vaults:4 |       0 |   83506 |   0.0 |       0 |     114 |   0.0 |  1783
      Vaults:5 |       0 |  104629 |   0.0 |       0 |     112 |   0.0 |  1709
       Crypt:1 |       0 |   35493 |   0.0 |       0 |      50 |   0.0 |  1220
       Crypt:2 |       0 |   52391 |   0.0 |       0 |      80 |   0.0 |  1127
       Crypt:3 |       0 |   58667 |   0.0 |       0 |      70 |   0.0 |  1391
      Depths:1 |       0 |   46779 |   0.0 |       0 |      60 |   0.0 |  2154
      Depths:2 |       0 |   74243 |   0.0 |       0 |      66 |   0.0 |  1486
      Depths:3 |       0 |   54380 |   0.0 |       0 |      62 |   0.0 |  1534
      Depths:4 |       0 |   75368 |   0.0 |       0 |      66 |   0.0 |  1212
          Hell |       0 |   12191 |   0.0 |       0 |      15 |   0.0 |    84
       Abyss:1 |   20184 |   20474 |  49.6 |      39 |      39 |  50.0 |  1342
       Abyss:2 |   15327 |   10369 |  59.6 |      29 |      25 |  53.7 |   736
       Abyss:3 |   40652 |   57371 |  41.5 |      92 |     115 |  44.4 |  1839
         Sewer |       0 |      39 |   0.0 |       0 |      17 |   0.0 |   660
               +---------+---------+-------+---------+---------+-------+---------
